AoeStats
← 1980195387

Black Forest

510309190Analyzed
3v3 RM · 19h ago on Sep 30, 2026· 123m 37s· 6 players
Game mode
Random Map
Map size
Normal (6 player)
Population
200
Speed
Normal
Resources
Standard
Victory
Conquest
Starting age
Dark Age
Ending age
Imperial Age
RankedLock teamsTeams togetherTeam positionsShared explorationLock speedFull tech treeHidden civsTurbo modeCheats
Victory
Defeat
🇨🇳 Khmer · China
486
+20
🇨🇳 Ethiopians · China
485
+20
🇬🇧 Britons · United Kingdom
476
+21
🇹🇷 Byzantines · Türkiye
601
-21
🇺🇸 Franks · United States
569
-20
🇮🇳 Vietnamese · India
564
-20
Montys8th
3:01 Loom
11:23 Feudal Age
15:31 Town Watch
16:22 Wheelbarrow
15:40 Man-at-Arms
19:51 Horse Collar
24:09 Castle Age
23:29 Double-Bit Axe
25:43 Padded Archer Armor
25:33 Fletching
25:21 Long Swordsman
25:47 Gambesons
25:25 Crossbowman
31:28 Leather Archer Armor
31:14 Scale Mail Armor
31:24 Forging
36:05 Heavy Plow
38:11 Chain Mail Armor
38:02 Scale Barding Armor
37:53 Treadmill Crane
38:24 Masonry
38:25 Fortified Wall
38:11 Murder Holes
39:48 Ballistics
39:19 Guard Tower
41:52 Yeomen
47:10 Imperial Age
44:56 Hand Cart
46:49 Town Patrol
47:20 Caravan
49:00 Hoardings
49:34 Warwolf
51:35 Elite Longbowman
54:25 Chemistry
53:15 Heated Shot
53:56 Architecture
53:32 Siege Engineers
54:47 Arbalester
57:53 Conscription
59:54 Capped Ram
59:55 Onager
62:55 Heavy Mounted Crossbowman
62:56 Cranequins
68:54 Two-Handed Swordsman
68:57 Pikeman
73:42 Squires
86:13 Bow Saw
89:56 Champion
91:35 Elite Skirmisher
92:40 Halberdier
93:25 Husbandry
92:45 Cavalier
92:47 Light Cavalry
112:05 Heavy Scorpion
1980195387
12:26 Feudal Age
12:35 Feudal Age
16:49 Castle Age
16:20 Double-Bit Axe
16:28 Horse Collar
18:48 Wheelbarrow
21:02 Bow Saw
25:00 Stone Mining
27:55 Hand Cart
33:21 Imperial Age
32:09 Gold Mining
32:56 Stone Shaft Mining
32:29 Husbandry
32:40 Bloodlines
32:33 Tusk Swords
32:38 Loom
33:52 Gold Shaft Mining
33:29 Heavy Plow
33:47 Scale Barding Armor
33:53 Forging
35:00 Conscription
35:10 Chain Barding Armor
34:42 Fletching
36:09 Iron Casting
38:18 Plate Barding Armor
37:39 Bodkin Arrow
38:31 Crop Rotation
38:46 Hoardings
37:40 Onager
38:36 Heavy Scorpion
38:42 Elite Battle Elephant
39:33 Double Crossbow
45:19 Blast Furnace
44:19 Bracer
44:48 Caravan
47:31 Chemistry
46:51 Ballistics
46:42 Masonry
46:38 Siege Engineers
46:29 Murder Holes
61:46 Capped Ram
65:17 Siege Ram
70:39 Scale Mail Armor
75:59 Elite Skirmisher
76:41 Padded Archer Armor
76:57 Chain Mail Armor
86:42 Pikeman
87:40 Leather Archer Armor
87:14 Halberdier
HANA
13:30 Feudal Age
14:03 Double-Bit Axe
15:12 Wheelbarrow
14:39 Horse Collar
21:54 Castle Age
20:23 Scale Mail Armor
23:00 Bow Saw
24:31 Hand Cart
25:04 Chain Mail Armor
24:54 Padded Archer Armor
28:19 Gold Mining
28:58 Crossbowman
29:44 Thumb Ring
31:30 Forging
33:28 Iron Casting
32:44 Fletching
33:10 Leather Archer Armor
33:50 Heavy Plow
33:40 Town Watch
37:37 Gold Shaft Mining
36:55 Stone Mining
39:42 Imperial Age
40:10 Ballistics
40:17 Town Patrol
40:28 Bodkin Arrow
40:47 Squires
40:26 Arbalester
41:07 Halberdier
43:11 Guilds
44:11 Two-Man Saw
43:50 Stone Shaft Mining
44:44 Chemistry
43:50 Siege Engineers
45:28 Torsion Engines
47:28 Blast Furnace
46:29 Bracer
47:00 Plate Mail Armor
47:01 Ring Archer Armor
46:39 Scale Barding Armor
50:41 Arson
56:15 Capped Ram
58:56 Siege Ram
62:25 Sappers
63:17 Conscription
69:08 Chain Barding Armor
Legolas
1:03 Loom
15:14 Feudal Age
22:02 Castle Age
25:17 Stone Mining
25:20 Gold Mining
25:12 Horse Collar
26:39 Fortified Wall
26:30 Double-Bit Axe
27:49 Stone Shaft Mining
32:03 Wheelbarrow
31:41 Bow Saw
32:12 Gold Shaft Mining
32:26 Heavy Plow
35:23 Hand Cart
38:45 Imperial Age
36:32 Treadmill Crane
37:13 Ballistics
37:09 Forging
39:04 Iron Casting
38:35 Scale Barding Armor
38:30 Scale Mail Armor
38:31 Padded Archer Armor
38:21 Fletching
40:43 Crop Rotation
41:21 Two-Man Saw
41:21 Chain Mail Armor
41:27 Chain Barding Armor
43:26 Logistica
43:37 Conscription
44:12 Arson
44:28 Squires
43:49 Pikeman
45:03 Plate Mail Armor
44:50 Leather Archer Armor
45:21 Halberdier
46:02 Bodkin Arrow
46:43 Plate Barding Armor
47:23 Ring Archer Armor
47:41 Elite Cataphract
49:30 Chemistry
48:55 Onager
50:15 Caravan
50:09 Elite Skirmisher
50:56 Thumb Ring
51:46 Bracer
61:39 Imperial Skirmisher
72:50 Coinage
72:31 Guilds
76:37 Banking
81:58 Husbandry
81:19 Light Cavalry
82:00 Hussar
89:05 Heavy Camel Rider
SolitaryPilgrim
9:51 Feudal Age
11:13 Wheelbarrow
10:30 Double-Bit Axe
19:25 Castle Age
18:17 Gold Mining
20:28 Bow Saw
21:53 Hand Cart
25:43 Stone Mining
26:29 Gold Shaft Mining
25:44 Loom
25:45 Town Watch
26:24 Husbandry
27:37 Town Watch
31:38 Imperial Age
29:30 Town Patrol
30:18 Elite Skirmisher
33:30 Hoardings
34:59 Caravan
35:25 Masonry
37:42 Pikeman
38:23 Squires
39:18 Halberdier
39:44 Arson
41:35 Arrowslits
41:46 Murder Holes
42:12 Ballistics
42:53 Chemistry
41:57 Padded Archer Armor
41:47 Fletching
41:59 Scale Mail Armor
45:45 Architecture
45:21 Siege Engineers
45:29 Fortified Wall
45:31 Forging
45:27 Scale Barding Armor
45:06 Cavalier
47:44 Imperial Skirmisher
52:05 Paladin
54:47 Elite Throwing Axeman
60:17 Treadmill Crane
61:16 Iron Casting
60:36 Bodkin Arrow
60:57 Leather Archer Armor
60:58 Chain Mail Armor
61:04 Chain Barding Armor
Shirah
9:32 Loom
13:47 Feudal Age
17:17 Wheelbarrow
16:25 Horse Collar
16:35 Double-Bit Axe
16:48 Gold Mining
16:49 Stone Mining
18:16 Man-at-Arms
18:43 Arson
20:42 Stone Mining
24:57 Castle Age
25:13 Long Swordsman
26:42 Hand Cart
28:20 Crossbowman
38:46 Imperial Age
37:46 Scale Mail Armor
37:51 Scale Barding Armor
37:47 Padded Archer Armor
37:38 Fletching
37:58 Forging
38:47 Chatras
40:29 Chemistry
38:58 Elite Skirmisher
Connection lost

Rejoining the realm…

Still unreachable

The connection could not be restored.

Session expired

The server has moved on; the page needs a fresh start.